 Dungeon Crawl Stone Soup version 0.23.2 (webtiles) character file.

Game seed: 7031506548781419733

49 redwoodhats the Insei (level 3, 0/39 HPs)
             Began as a Merfolk Transmuter on Apr 2, 2019.
             Succumbed to an adder's poison
             ... on level 2 of the Dungeon.
             The game lasted 00:08:35 (1398 turns).

redwoodhats the Insei (Merfolk Transmuter)          Turns: 1398, Time: 00:08:36

Health: 0/39       AC: 21    Str: 13    XL:     3   Next: 75%
Magic:  6/7        EV:  2    Int: 13    God:
Gold:   88         SH:  0    Dex: 14    Spells: 4/7 levels left

rFire    . . .     SeeInvis .     - Unarmed
rCold    + . .     Gourm    .   (no shield)
rNeg     + + +     Faith    .   (armour currently unavailable)
rPois    +         Spirit   .   (helmet currently unavailable)
rElec    .         Reflect  .   (cloak currently unavailable)
rCorr    .         Harm     .   (gloves currently unavailable)
MR       .....     NoTele   +   (boots currently unavailable)
Stlth    ++........             (no amulet)
HPRegen  0.13/turn              e - ring of protection from cold
MPRegen  0.10/turn              f - +3 ring of strength

@: lethally poisoned (0 -> -4), tree-form, berserk cooldown, slowed, very slow
A: (change form in water), (swift swim), (stealthy swim)
a: no special abilities


You were on level 2 of the Dungeon.
You were not hungry.
You were a tree.
You visited 1 branch of the dungeon, and saw 2 of its levels.

You collected 88 gold pieces.

Inventory:

Armour
 b - a +0 robe (melded)
 c - a +0 helmet
Jewellery
 e - a ring of protection from cold (left branch)
 f - a +3 ring of strength (right branch)
Scrolls
 g - a scroll of teleportation {unknown}
 j - a scroll of remove curse {unknown}
Potions
 i - a potion of magic
Comestibles
 d - 2 rations


   Skills:
 + Level 1.1 Fighting
 + Level 3.0 Dodging
 + Level 0.6 Stealth
 + Level 3.7 Unarmed Combat
 + Level 2.8 Spellcasting
 + Level 3.4 Transmutations


You had 4 spell levels left.
You knew the following spells:

 Your Spells              Type           Power        Failure   Level  Hunger
a - Beastly Appendage     Tmut           ##....       6%          1    #......
b - Sticks to Snakes      Tmut           ##......     9%          2    ###....

Your spell library contained the following spells:

 Spells                   Type           Power        Failure   Level  Hunger
 Spider Form              Tmut/Pois      #.........   34%         3    ###....
 Ice Form                 Ice/Tmut       #.......     75%         4    #####..
 Blade Hands              Tmut           ##........   85%         5    ######.


Dungeon Overview and Level Annotations

Branches:
Dungeon (2/15)

Altars:
Hepliaklqana


Message History

You feel your anger nearly subside.
You are no longer berserk.
You are exhausted.
You feel yourself slow down.
* * * LOW HITPOINT WARNING * * *
You feel sick.
It was a potion of lignification.
You turn into a tree.
Your +0 robe melds into your body.
Your roots penetrate the ground.
* * * LOW HITPOINT WARNING * * *
You feel sick.
Okay, then.
Memorise Spider Form, consuming 3 spell levels and leaving 1?
You start memorising the spell.
You continue memorising.
Your memorisation is interrupted.
* * * LOW HITPOINT WARNING * * *
You feel sick.
Sorry, you're not good enough to have a special ability.
As you read the scroll labeled IMIOFE WOUTITONIU, it crumbles to dust.
The air around you briefly surges with heat, but it dissipates.
It was a scroll of immolation.
You die...

#### #.....#
.# #...#.#
##.##.# ...
#.# #### #.#
#.# #.# #.#
#♣# #†# #.#
#...........#
#.....#######
#.S...#
.......#
........#
........#


There were no monsters in sight!

Vanquished Creatures
  3 adders (D:2)
  2 goblins
  2 hobgoblins
  2 kobolds (D:1)
  4 bats
  2 frilled lizards (D:1)
15 creatures vanquished.

Vanquished Creatures (collateral kills)
  An ooze (D:1)
  2 bats (D:1)
  A giant cockroach (D:2)
  2 hobgoblins (D:1)
  A kobold (D:2)
  A ball python (D:1)
  A frilled lizard (D:1)
9 creatures vanquished.

Grand Total: 24 creatures vanquished

Notes
Turn   | Place    | Note
-------+----------+-------------------------------------------
     0 | D:1      | redwoodhats the Merfolk Transmuter began the quest for the
                  | Orb.
     0 | D:1      | Reached XP level 1. HP: 15/15 MP: 3/3
   288 | D:1      | Reached XP level 2. HP: 8/21 MP: 3/5
   453 | D:1      | Learned a level 2 spell: Sticks to Snakes
  1204 | D:2      | Found a hazy altar of Hepliaklqana.
  1377 | D:2      | Reached XP level 3. HP: 26/26 MP: 4/6
  1397 | D:2      | HP: 1/39 [poisoned by an adder]
  1398 | D:2      | Succumbed to an adder's poison

Skill      XL: |  1  2 |
---------------+-------+-----
Dodging        | 3 |  3.0
Transmutations | 3 |  3.4
Fighting       | |  1.1
Stealth        | |  0.6
Unarmed Combat | |  3.7
Spellcasting   | |  2.8

Action                   || total
-------------------------++-------
Melee: Unarmed           ||    41
       Headbutt          ||     2
 Cast: Beastly Appendage ||     7
       Sticks to Snakes  ||    12
  Use: Potion            ||     4
       Scroll            ||     2
  Eat: Ration            ||     1
Armor: Robe              ||    11
Dodge: Dodged            ||    40
